Map: Tours du crépuscule

Players

JonJon

  • Race: Terran Terran
  • League: Gold
  • Spawn Location: 7:00

zidar - Winner!

  • Race: Zerg Zerg
  • League: Gold
  • Spawn Location: 1:00

VOD

Have the link to the VOD?

Description

Time

  • Played on: July 8, 2016, 9:34 a.m.
  • Length: 6:10
Show
View Real Time Build Order
Export as new Build Order

JonJon Terran 

Build Orders: Gas First Reaper Expand 

Get SALT Encoding   

  12  0:01  SCV  
  13  0:13  SCV  
  14  0:17  Supply Depot  
  14  0:25  SCV  
  15  0:29  Refinery  
  15  0:41  Barracks  
  15  0:45  SCV  
  16  0:57  SCV  
  17  1:09  SCV  
  18  1:28  Orbital Command  
  18  1:30  Reaper  
  19  1:46  Command Center  
  19  2:02  Factory  
  19  2:03  Marine  
  20  2:11  Supply Depot  
  20  2:14  SCV  
  21  2:21  Marine  
  22  2:33  SCV  
  22  2:41  Marine  
  23  2:47  SCV  
  23  2:50  Factory Tech Lab  
  24  2:53  Starport  
  24  2:59  SCV  
  24  3:02  Orbital Command  
  25  3:11  Marine  
  26  3:16  Refinery  
  26  3:18  SCV  
  27  3:30  Siege Tank  
  30  3:35  SCV x2  
  30  3:38  Supply Depot  
  30  3:41  Marine  
  33  3:58  Marine, SCV  
  33  3:59  SCV  
  36  4:03  Command Center, Medivac  
  37  4:11  SCV  
  37  4:12  SCV  
  37  4:16  Refinery  
  41  4:18  Marine, Refinery  
  41  4:19  Widow Mine  
  41  4:23  SCV  
  43  4:25  SCV, Supply Depot  
  44  4:33  Viking  
  44  4:37  SCV  
  47  4:47  Marine  
  47  4:51  SCV x2  
  50  4:53  Siege Tank  
  53  5:03  SCV  
  53  5:05  Marine  
  53  5:06  SCV  
  56  5:08  Viking  
  55  5:22  Marine  
  54  5:40  Marine  
Show
View Real Time Build Order
Export as new Build Order

zidar Zerg - Winner!

Build Orders: Pool First 

Get SALT Encoding   

  12  0:01  Drone  
  13  0:12  Overlord  
  13  0:19  Drone  
  14  0:23  Extractor, Drone  
  15  0:30  Drone  
  16  0:44  Spawning Pool  
  16  0:45  Drone  
  16  1:10  Hatchery  
  16  1:11  Drone  
  16  1:18  Overlord  
  16  1:21  Drone  
  17  1:32  Queen  
  17  1:36  Drone  
  20  1:51  Drone x2  
  22  1:58  Roach Warren  
  22  2:01  Extractor  
  20  2:05  Extractor  
  19  2:12  Queen  
  22  2:15  Drone x2  
  22  2:45  Drone  
  23  3:00  Roach x5  
  33  3:13  Roach  
  33  3:18  Overlord  
  33  3:19  Overlord  
  35  3:42  Ravager  
  35  3:46  Ravager  
  37  3:51  Drone x4  
  37  3:52  Drone x2  
  45  4:10  Roach x4  
  51  4:18  Extractor  
  50  4:31  Roach  
  52  4:33  Overlord  
  52  4:34  Overlord x3  
  50  4:54  Ravager  
  50  4:56  Ravager  
  52  5:01  Roach x4  
  55  5:42  Roach  
  60  5:43  Roach x5  
Tags
 
Add a new tag
Caveats
  • Supply blocks, unpowered buildings, or Contaminate may cause inaccurate times.
  • Supply counts are checked every 10 seconds.